 Seeded DCSS version 0.29-a0-100-g60f898f876 (webtiles) character file.

Game seed: 6000200499986173706 (custom seed)

53 innerfire433 the Skirmisher (level 3, 0/29 HPs)
             Began as a Demonspawn Monk on Feb 14, 2022.
             Killed by divine providence
             ... invoked by an orc priest
              (12 damage)
             ... on level 2 of the Dungeon.
             The game lasted 00:02:29 (1519 turns).

innerfire433 the Skirmisher (Demonspawn Monk)       Turns: 1519, Time: 00:02:29

Health: 0/29       AC:  6    Str: 13    XL:     3   Next: 64%
Magic:  3/3        EV: 10    Int: 11    God:
Gold:   51         SH:  4    Dex: 15    Spells: 2/2 levels left

rFire   . . .      SeeInvis .   a - +0 mace
rCold   . . .      Faith    .   (no shield)
rNeg    . . .      Spirit   .   g - +0 scale mail
rPois   .          Reflect  .   (no helmet)
rElec   .          Harm     .   (no cloak)
rCorr   .          Rampage  .   (no gloves)
Will    .....                   (no boots)
Stlth   +.........              (no amulet)
HPRegen 0.09/turn               (no ring)
MPRegen 0.08/turn               (no ring)

@: no status effects
A: large bone plates 1
a: no special abilities


You were on level 2 of the Dungeon.
You visited 1 branch of the dungeon, and saw 2 of its levels.

You collected 51 gold pieces.

Inventory:

Hand Weapons
 a - a +0 mace (weapon)
 e - a +3 hunting sling
Armour
 b - a +0 robe
 g - a +0 scale mail (worn)
Scrolls
 c - a scroll of identify
 d - a scroll of blinking
 f - 2 scrolls of fog {unknown}
 h - a scroll of brand weapon
 i - 5 scrolls of noise {unknown}


   Skills:
 + Level 3.4 Fighting
 + Level 3.1 Maces & Flails
 + Level 3.1 Dodging
 + Level 2.4 Stealth


You had 2 spell levels left.
You didn't know any spells.
Your spell library contained the following spells:

 Spells                   Type           Power      Damage    Failure   Level
 Call Canine Familiar     Summ           0%         N/A       99%         3
 Portal Projectile        Hex/Tloc       0%         N/A       99%         3
 Leda's Liquefaction      Hex/Erth       0%         N/A       100%        4


Dungeon Overview and Level Annotations

Branches:
Dungeon (2/15)

Altars:

Shops:
D:2 ?


Innate Abilities, Weirdness & Mutations

You are partially covered in large bone plates. (SH +4)


Message History

The adder closely misses you.
The orc priest hits you with a +0 falchion.
The orc hits you with a +0 hand axe. The adder bites you but does no damage.
The orc barely misses you. The adder closely misses you. The adder bites you.
You are poisoned.
The adder poisons you! The adder closely misses you.
You feel sick.
You feel sick.
You miss the adder.
You feel sick. The adder barely misses you. The adder closely misses you.
You hit the adder.
The adder is heavily wounded.
You feel sick. The adder bites you but does no damage.
The adder barely misses you.
You miss the adder.
The adder is heavily wounded.
You feel sick.
You are no longer poisoned.
You block the adder's attack.
You hit the adder but do no damage.
The adder is heavily wounded.
The adder closely misses you. The adder completely misses you.
You sock the adder!
You kill the adder!
The orc hits you but does no damage.
You see here an adder corpse.
You aren't carrying any potions.
As you read the scroll labelled XACVOKL TUEFYRGHAE, it crumbles to dust.
It is a scroll of identify.
h - a scroll of brand weapon The orc hits you with a +0 club.
As you read the scroll of identify, it crumbles to dust.
d - a scroll of blinking The orc closely misses you.
The orc priest invokes the aid of Beogh against you.
Beogh smites you!
You die...

.. ....# #.##.#.## .. ...#
#.#..#.# .. ! ..# #.#.##.# ..
##. #.# #.#.##.#
..#.#..##.###......#####
..........####.o......#
#)...o.K.oK#####.#
#.........#####o#####.###.###
.......##.# #@##...........
##.#...# #.# #.##.##.###.###
...#... #.# #.##.##.# ####...
..# #.......# ##...####
#....#### #...# #.###.# #...#
#.# #.#####
#...#######.###.....#####
#####........##.....###...>..


You could see an orc priest, 2 orcs and a kobold.

Vanquished Creatures
  3 adders (D:2)
  A dart slug (D:2)
  An orc (D:2)
  3 bats
  4 endoplasms (D:1)
  A goblin (D:2)
  2 hobgoblins
  3 quokkas
  A ball python (D:1)
  A frilled lizard (D:1)
  4 rats
24 creatures vanquished.

Notes
Turn   | Place    | Note
-------+----------+-------------------------------------------
     0 | D:1      | innerfire433 the Demonspawn Monk began the quest for the
                  | Orb.
     0 | D:1      | Reached XP level 1. HP: 18/18 MP: 1/1
   523 | D:1      | Gained mutation: You are partially covered in large bone
                  | plates. (SH +4) [demonic ancestry]
   523 | D:1      | Reached XP level 2. HP: 24/24 MP: 2/2
   995 | D:2      | Found Fiuro's Magic Scroll Boutique.
  1166 | D:2      | Reached XP level 3. HP: 26/29 MP: 3/3
  1519 | D:2      | Killed from afar by an orc priest

Illustrated notes

Levels and vault maps discovered:
D:1:      scummos_arrival_gate, layout_loops_ring, minmay_misc_feat_tower
D:2:      layout_loops_cross, serial_shops, shop_scrolls, serial_park_tiny_1,
          minmay_misc_feat_ornament

Skill      XL: |  1  2 |
---------------+-------+-----
Stealth        | 2 |  2.4
Maces & Flails | 3 |  3.1
Dodging        | 3 |  3.1
Fighting       | |  3.4

Action                   || total
-------------------------++-------
Melee: Mace              ||    71
  Use: Scroll            ||     2
 Stab: Sleeping          ||     2
Armor: Scale mail        ||    37
       Robe              ||     1
Dodge: Dodged            ||    63
Block: Other             ||    11

Table legend: (Time is in decaauts)
 A = Elapsed time spent in this place.
 B = Non-inter-level travel time spent in this place.
 C = Inter-level travel time spent in this place.
 D = Time resting spent in this place.
 E = Time spent auto-exploring this place.
 F = Levels seen in this place.
 G = Mean time per level.
                   A        B        C        D        E       F      G
               +--------+--------+--------+--------+--------+-----+--------+
         Total |   1536 |   1536 |      0 |      0 |   1264 |   2 |  768.0 |
       Dungeon |   1536 |   1536 |      0 |      0 |   1264 |   2 |  768.0 |
               +--------+--------+--------+--------+--------+-----+--------+

Top non-repeatable levels by time:
     D:1: 998 daAuts
     D:2: 538 daAuts
